Unix NetHack Version 5.0.0-0 post-release - last build May 31 2026 23:59:36 (970b52f25bf058293b47ddfd14a1e40e571c508c,branch:main).

Game began 2026-06-05 17:01:34, ended 2026-06-08 10:13:23.

DrSnowpanic, neutral male human Monk

                                           -----------
                                           |.........|
      #                       ------       |.........|
    --.-------------##########.....|     ##..>........#
    |.........[.....#        #|.._.|###### |.........|#
    |..............|         #|..@.|#######.....`.[..|#
    |.............%.###     ##|....-#      --.--------#
    --|-------.-----  ##  ### |....|###      #        #
      #      ##  #  ########  ------# ###             #
      #       ####     # ############                 #
      ####    #--.--   #   ######                     #
      ##       |...|##     #                          ###
  ----|--      |...|#     ##                            #------
  |......#     |...-#######                             #|....|
  |.....|      |...|                                    #|...<|
  |[....|      -----                                    #-....|
  -------                                                ------

DrSnowpanic the Novice          St:16 Dx:11 Co:14 In:11 Wi:14 Ch:13  Neutral
Dlvl:3  $:17 HP:50(50) Pw:35(35) AC:3  Xp:5 T:4065  Hungry  

Latest messages:
 What do you want to throw? [$stCDR or ?*] t
 In what direction? j
 The crude dagger misses the floating eye.
 What do you want to throw? [$stCDR or ?*] t
 In what direction? j
 The crude dagger hits the floating eye.
 What do you want to throw? [$sCDR or ?*] <space>
 Never mind.
 What do you want to throw? [$sCDR or ?*] C
 In what direction? j
 The curved sword misses the floating eye.
 What do you want to throw? [$sDR or ?*] C
 You don't have that object.
 What do you want to throw? [$sDR or ?*] ?
 What do you want to throw? [$sDR or ?*] D
 In what direction? j
 You kill the floating eye!
 r - 3 blessed darts (at the ready).  t - 2 uncursed crude daggers.  C - an uncursed curved sword.  D - an uncursed war hammer.
 Really save? [yn] (n) y
 Saving...
 Restoring save file...
 Hello DrSnowpanic, the human Monk, welcome back to NetHack!
 Really quit without saving? [yn] (n) y
 Do you want your possessions identified? [ynq] (y) n
 Do you want to see your attributes? [ynq] (y) n
 Do you want an account of creatures vanquished? [ynaq] (y) n
 Do you want a list of species genocided? [ynq] (y) n
 Do you want to see your conduct and achievements? [ynq] (y) n
 Do you want to see the dungeon overview? [ynq] (y) n

Inventory:
 Coins    ('$')
  $ - 17 gold pieces
 Weapons  (')')
  r - 3 blessed rustproof +2 darts (at the ready)
  t - 2 +0 orcish daggers
  s - a cursed greased -2 orcish dagger
  C - a +0 scimitar
  R - the rustproof +3 Trollsbane
  D - a +0 war hammer
 Armor    ('[')
  q - a blessed +0 orcish helm (being worn)
  v - a blessed +0 orcish helm
  u - an uncursed +0 orcish helm
  E - an uncursed +0 orcish helm
  H - an uncursed +0 orcish helm
  a - an uncursed +2 pair of leather gloves (being worn)
  b - an uncursed +1 robe (being worn)
 Comestibles  ('%')
  e - an uncursed food ration
  y - an uncursed tripe ration
 Scrolls  ('?')
  A - a cursed scroll of amnesia
  c - a blessed scroll of food detection
 Spellbooks  ('+')
  i - a blessed spellbook of protection
 Potions  ('!')
  P - an uncursed potion of sickness
 Rings    ('=')
  k - a cursed ring of teleport control
 Tools    ('(')
  n - an uncursed brass lantern
  B - an uncursed leash
  x - an uncursed lock pick
 Gems/Stones  ('*')
  o - 2 uncursed worthless pieces of red glass

DrSnowpanic the Monk's attributes:

Background:
 You were a Novice, a level 5 male human Monk.
 You were neutral, on a mission for Chih Sung-tzu
 who was opposed by Shan Lai Ching (lawful) and Huan Ti (chaotic).
 You were right-handed.
 You were in the Dungeons of Doom, on level 3.
 You entered the dungeon 4065 turns ago.
 You had 187 experience points, 133 more were needed to attain level 6.

Basics:
 You had all 50 hit points.
 You had all 35 energy points (spell power).
 Your armor class was 3.
 Your wallet contained 17 zorkmids.
 Autopickup was off.

Final Characteristics:
 Your strength was 16 (limit:18/100).
 Your dexterity was 11 (limit:18).
 Your constitution was 14 (limit:18).
 Your intelligence was 11 (limit:18).
 Your wisdom was 14 (limit:18).
 Your charisma was 13 (limit:18).

Final Status:
 You were hungry.
 You were unencumbered.
 You were empty handed.
 You had basic skill with martial arts.

Final Attributes:
 You were piously aligned.
 You were sleep resistant.
 You were poison resistant.
 You saw invisible.
 You were stealthy.
 You were guarded.
 Your spell casting was enhanced by wearing a robe.
 You were fast.
 You survived.

Miscellaneous:
 You didn't encounter any bones levels.
 Total elapsed playing time was 28 minutes and 22 seconds.

Major events:
 Turn
    1: DrSnowpanic the neutral male human Monk entered the dungeon
    8: performed his first genocide (gas spores)
 1185: attained the rank of Novice (level 3)
 1853: was bestowed with Trollsbane by Chih Sung-tzu
 4065: quit

Spells:
 Name                 Level Category     Fail Retention
 protection             1   clerical       0%  76%-100%

Skills:
 Fighting Skills
   martial arts       [Basic]
 Weapon Skills
   morning star       [Unskilled]
   quarterstaff       [Unskilled]
   spear              [Unskilled]
   crossbow           [Unskilled]
   shuriken           [Unskilled]
 Spellcasting Skills
   attack spells      [Unskilled]
   healing spells     [Basic]
   divination spells  [Unskilled]
   enchantment spells [Unskilled]
   clerical spells    [Unskilled]
   escape spells      [Unskilled]
   matter spells      [Unskilled]

Voluntary challenges:
 Character rerolling was not enabled.
 You never hit with a wielded weapon.
 You genocided 1 type of monster.
 You never polymorphed an object.
 You never changed form.
 You used no wishes.
Achievement:
 You attained the rank of Novice.

 The Dungeons of Doom: levels 1 to 4
    Level 1:
       A fountain.
    Level 2:
       Some fountains.
    Level 3: <- You were here.
       An altar to Chih Sung-tzu.
    Level 4:
       A fountain.


Vanquished creatures:
  2 shriekers
  a little dog
  2 floating eyes
  a homunculus
  a kobold leader
  a wererat
  a werejackal
 an iguana
  2 acid blobs
  5 manes
  2 large kobolds
  2 hobgoblins
  2 giant rats
  a yellow mold
  2 gnome zombies
  3 geckos
  5 jackals
  4 foxes
  2 kobolds
  5 goblins
  2 sewer rats
  3 grid bugs
  a bat
  4 lichens
  a kobold zombie
  8 newts
64 creatures vanquished.

Genocided species:
 gas spores
1 species genocided.

Goodbye DrSnowpanic the Monk...

You quit in The Dungeons of Doom on dungeon level 3 with 945 points,
and 17 pieces of gold, after 4065 moves.
You were level 5 with a maximum of 50 hit points when you quit.

